 Dungeon Crawl Stone Soup version 0.13.0-13-g27bfa31 (webtiles) character file.

549 Sarge101 the Skirmisher (level 5, 0/47 HPs)
             Began as a Draconian Berserker on Oct 19, 2013.
             Was a Priest of Trog.
             Slain by an orc wizard
             ... wielding a +1,+3 orcish trident
              (5 damage)
             ... on Level 3 of the Dungeon.
             The game lasted 00:38:32 (2608 turns).

Sarge101 the Skirmisher (Draconian Berserker)       Turns: 2608, Time: 00:38:32

HP   0/47        AC  6     Str 19      XL: 5   Next: 98%
MP   4/4         EV 12     Int  8      God: Trog [***...]
Gold 285         SH  0     Dex 11      Spells:  0 memorised,  4 levels left

Res.Fire  : . . .   See Invis. : .   a - +0 spear {=f}
Res.Cold  : . . .   Warding    : .   (armour unavailable)
Life Prot.: . . .   Conserve   : .   (no shield)
Res.Poison: .       Res.Corr.  : .   (helmet restricted)
Res.Elec. : .       Clarity    : .   (no cloak)
Sust.Abil.: . .     Spirit.Shd : .   (no gloves)
Res.Mut.  : .       Stasis     : .   p - +0 pair of elf boots
Res.Rott. : .       Flight     : .   (no amulet)
Saprovore : . . .                    (no ring)
                                     (no ring)

@: regenerating, exhausted, slowed, very slow, quite resistant to hostile
enchantments, unstealthy
A: unfitting armour, AC +5
a: Burn Spellbooks, Berserk, Trog's Hand, Renounce Religion


You were on level 3 of the Dungeon.
You worshipped Trog.
Trog was most pleased with you.
You were very hungry.

You visited 1 branch of the dungeon, and saw 3 of its levels.

You collected 265 gold pieces.

Inventory:

Hand weapons
 a - a +0,+0 spear (weapon) {=f}
Missiles
 d - 27 darts (quivered)
Armour
 p - a +0 pair of elven boots (worn)
Comestibles
 c - 5 bread rations
 h - a meat ration
 m - a grape
Scrolls
 b - a scroll of amnesia {unknown}
 e - a scroll of curse armour {unknown}
 f - 2 scrolls of enchant armour {unknown}
 k - 3 scrolls of fear {unknown}
 l - 2 scrolls of identify {unknown}
 r - a scroll of teleportation {unknown}
 s - 2 scrolls of remove curse {unknown}
 t - a scroll of enchant weapon II {unknown}
 u - a scroll of magic mapping {unknown}
Potions
 i - a potion of beneficial mutation {unknown}
 j - 2 potions of confusion {unknown}
 n - a potion of degeneration {unknown}
 o - a potion of heal wounds {unknown}
 q - 2 potions of curing {unknown}


   Skills:
 + Level 5.5 Fighting
 + Level 5.3 Polearms
 - Level 2.6 Dodging


You had 4 spell levels left.
You didn't know any spells.

Dungeon Overview and Level Annotations

Branches:
Dungeon (3/27)

Altars:
Fedhas

Annotations:
D:2 exclusion: oklob plant


Message History

The orc hits you from afar with an orcish trident of dragon slaying.
You convulse.
It drops an orcish dagger.
It picks up an uncursed runed orcish trident.
The orc barely misses you.
Items here: %% ))) [[ Attack whom?
Press: ? - help, Dir - move target cursor, f/p - orc
Aim: an orc, wielding an orcish trident of dragon slaying and wearing an orcish ring mail Something you can't see is in the way.
You closely miss it.
It picks up an orcish dagger.
The orc misses you. It hits you. It hits you!
* * * LOW HITPOINT WARNING * * *
You are too injured to fight recklessly!
The orc hits you but does no damage. It hits you.
* * * LOW HITPOINT WARNING * * *
Items here: %% ))) [[ It hits you.
* * * LOW HITPOINT WARNING * * *
It hits you.
You die...

.#.#.### .#.#.#
### ...#.# ..# #
##.# ..# #.#
..########. #.#
...>....... #.#
..######### #.#
..# #@#
################.#
...............){#
################o#
#o# .o. #.## #.#
#.#


You could see 3 orcs.

Vanquished Creatures
  2 big fish (D:2)
  2 orc wizards (D:3)
  A gnoll (D:2)
  4 adders
  A giant mite (D:1)
  3 worms
  2 giant geckos (D:1)
  An ooze (D:1)
  5 orcs (D:3)
  A ball python (D:2)
  10 hobgoblins
  3 jackals (D:1)
  4 kobolds
  A quokka (D:3)
  8 bats
  5 giant cockroaches
  6 giant newts
  10 goblins
  10 rats
  A plant (D:1)
  A toadstool (D:2)
81 creatures vanquished.

Vanquished Creatures (others)
  12 toadstools (D:2)
12 creatures vanquished.

Grand Total: 93 creatures vanquished

Notes
Turn   | Place    | Note
--------------------------------------------------------------
     0 | D:1      | Sarge101, the Draconian Berserker, began the quest for the Orb.
     0 | D:1      | Reached XP level 1. HP: 19/19 MP: 0/0
    46 | D:1      | Reached XP level 2. HP: 26/26 MP: 1/1
   531 | D:1      | Reached XP level 3. HP: 33/33 MP: 2/2
   605 | D:1      | Acquired Trog's second power
   605 | D:1      | Reached skill level 4 in Fighting
   787 | D:2      | Found a blossoming altar of Fedhas.
  1048 | D:2      | Noticed an oklob plant
  1160 | D:2      | Reached XP level 4. HP: 19/40 MP: 3/3
  2091 | D:2      | Reached skill level 5 in Fighting
  2095 | D:2      | Reached XP level 5. HP: 46/47 MP: 4/4
  2531 | D:3      | Reached skill level 5 in Polearms
  2608 | D:3      | Slain by an orc wizard

Action                   |  1- 3 |  4- 6 || total
-------------------------+-------+-------++-------
Melee: Spear             |   235 |   170 ||   405
Invok: Trog's Hand       |     1 |     2 ||     3
       Berserk           |       |     2 ||     2
 Stab: Sleeping          |       |     2 ||     2
